 Dungeon Crawl Stone Soup version 0.18.1-5-g4a78601 (webtiles) character file.

275 inmateoo the Ruffian (level 6, -4/55 HPs)
             Began as a Troll Wizard on May 14, 2016.
             Slain by Duvessa
             ... wielding a +0 rapier
              (10 damage)
             ... on level 4 of the Dungeon.
             The game lasted 00:02:23 (1983 turns).

inmateoo the Ruffian (Troll Wizard)                 Turns: 1983, Time: 00:02:24

Health: -4/55      AC:  8    Str: 18    XL:     6   Next: 3%
Magic:  8/8        EV:  9    Int: 14    God:
Gold:   206        SH:  0    Dex:  8    Spells: 1 memorised, 8 levels left

rFire  . . .     SeeInvis .       - Unarmed
rCold  . . .     Gourm    +     a - +0 robe
rNeg   . . .     Faith    .     (no shield)
rPois  .         Spirit   .     b - +0 hat
rElec  .         Dismiss  .     (no cloak)
rCorr  .         Reflect  .     (gloves unavailable)
SustAt .         Harm     .     (boots unavailable)
MR     .....                    (no amulet)
Stlth  +.........               (no ring)
                                h - +3 ring of protection

@: not resistant to hostile enchantments, very unstealthy
A: unfitting armour, claws 3, fast metabolism 3, gourmand, regeneration 2,
shaggy fur 1, tough skin 2
a: no special abilities


You were on level 4 of the Dungeon.
You were not hungry.

You visited 1 branch of the dungeon, and saw 4 of its levels.

You collected 206 gold pieces.

Inventory:

Armour
 a - a +0 robe (worn)
 b - a +0 hat (worn)
Jewellery
 h - a +3 ring of protection (left claw)
Scrolls
 g - a scroll of recharging {unknown}
 k - a scroll of magic mapping {unknown}
 l - a scroll of fear {unknown}
 n - a scroll of amnesia {unknown}
 o - a scroll of noise {unknown}
 q - 2 scrolls of identify {unknown}
 t - a scroll of enchant armour {unknown}
Potions
 e - a potion of berserk rage {unknown}
 f - 2 potions of brilliance {unknown}
 j - a potion of curing {unknown}
 m - a potion of flight {unknown}
 r - a potion of heal wounds {unknown}
 s - a potion of haste {unknown}
Books
 c - a book of Minor Magic

   Spells                             Type                      Level
   a - Magic Dart                     Conjuration                  1
   b - Blink                          Translocation                2
   c - Call Imp                       Summoning                    2
   d - Repel Missiles                 Charms/Air                   2
   e - Slow                           Hexes                        2
   f - Conjure Flame                  Conjuration/Fire             3
   g - Mephitic Cloud                 Conjuration/Poison/Air       3
Comestibles
 d - 3 bread rations
 i - 3 fruits
 p - a beef jerky


   Skills:
 + Level 1.2 Fighting
 - Level 1.5 Dodging
 - Level 1.1 Stealth
 + Level 5.6 Unarmed Combat
 - Level 2.0 Spellcasting
 - Level 0.6 Conjurations
   Level 0.6 Summonings
   Level 0.6 Translocations


You had 8 spell levels left.
You knew the following spells:

 Your Spells              Type           Power        Failure   Level  Hunger
a - Magic Dart            Conj           #...         21%         1    ##.....


Dungeon Overview and Level Annotations

Branches:
Dungeon (4/15)
 Temple: D:4-7

Altars:
Nemelex Xobeh

Annotations:
D:4 Duvessa


Innate Abilities, Weirdness & Mutations

You are too large for most types of armour.
You have claws for hands.
Your metabolism is lightning-fast.
You like to eat raw meat.
You heal very quickly.
You are covered in fur (AC +1).
You have very tough skin (AC +2).


Message History

Duvessa is lightly wounded.
Duvessa hits you with a rapier.
You barely miss Duvessa.
Duvessa is lightly wounded.
Duvessa hits you with a rapier!
You barely miss Duvessa.
Duvessa is lightly wounded.
Duvessa hits you with a rapier.
You claw Duvessa!
Duvessa is heavily wounded.
Duvessa hits you with a rapier! Duvessa hits you with a rapier.
* * * LOW HITPOINT WARNING * * *
You scratch Duvessa.
Duvessa is heavily wounded.
Duvessa hits you with a rapier!
* * * LOW HITPOINT WARNING * * *
You closely miss Duvessa.
Duvessa is heavily wounded.
Duvessa hits you with a rapier!
You die...

............#### #
#..#####.#### ..# #.# #
#.# #.########
####.##.### #.........
..........# #.########
#.#.###.#
#.##...<##.#####...
#.....#.@e...>...#
#.#.###....#.####..# #
#.#. ##.#.#.#
#.##.#.####.#.#.#####..##
#.#..[....#.#.#...e......
...#.#.#.....#.#####..##
#.......#####.# ##.#.#.##
#.# #.....# #.#####..


You could see Duvessa (berserk).

Vanquished Creatures
  A phantom (D:4)
  Dowan (D:4)
  A giant frog zombie (D:4)
  A worker ant (D:4)
  A howler monkey skeleton (D:4)
  4 adders
  3 dart slugs (D:1)
  A giant gecko (D:4)
  2 giant cockroaches
  5 goblins
  3 hobgoblins (D:1)
  4 kobolds
  5 bats
  A giant newt (D:2)
  A jackal skeleton (D:3)
  4 rats
38 creatures vanquished.

Notes
Turn   | Place    | Note
--------------------------------------------------------------
     0 | D:1      | inmateoo the Troll Wizard began the quest for the Orb.
     0 | D:1      | Reached XP level 1. HP: 16/16 MP: 2/2
    72 | D:1      | Reached skill level 1 in Unarmed Combat
   101 | D:1      | Reached XP level 2. HP: 24/24 MP: 4/4
   178 | D:1      | Reached skill level 2 in Unarmed Combat
   794 | D:2      | Reached XP level 3. HP: 25/31 MP: 5/5
   825 | D:2      | Reached skill level 3 in Unarmed Combat
  1350 | D:3      | Found a sparkling altar of Nemelex Xobeh.
  1663 | D:4      | Reached XP level 4. HP: 39/39 MP: 6/6
  1670 | D:4      | Noticed a phantom
  1712 | D:4      | Killed a phantom
  1712 | D:4      | Reached skill level 5 in Unarmed Combat
  1712 | D:4      | Reached XP level 5. HP: 34/45 MP: 7/7
  1894 | D:4      | Noticed Dowan
  1960 | D:4      | Killed Dowan
  1960 | D:4      | Reached skill level 1 in Fighting
  1960 | D:4      | Reached XP level 6. HP: 46/55 MP: 8/8
  1974 | D:4      | Noticed Duvessa
  1983 | D:4      | Slain by Duvessa

Skill      XL: |  1  2  3  4  5 |
---------------+----------------+-----
Unarmed Combat | 1 2 3 5 |  5.6
Fighting       | 1 |  1.2
Dodging        | |  1.5
Stealth        | |  1.1
Spellcasting   | |  2.0
Conjurations   | |  0.6
Summonings     | |  0.6
Translocations | |  0.6

Action                   |  1- 3 |  4- 6 || total
-------------------------+-------+-------++-------
Melee: Unarmed           |   102 |    51 ||   153
       Punch             |     1 |     1 ||     2
 Stab: Sleeping          |     2 |     1 ||     3
  Eat: Chunk             |    16 |     1 ||    17
Armor: Robe              |    38 |    14 ||    52
Dodge: Dodged            |    43 |    10 ||    53
